 Dungeon Crawl Stone Soup version 0.22.1-1-ga44c0e5 (webtiles) character file.

7076 Irenicus the Severer (level 10, -4/89 HPs)
             Began as a Deep Dwarf Fighter on Sept 24, 2018.
             Was a Believer of Makhleb.
             Killed from afar by a deep elf mage (19 damage)
             ... with a bolt of lightning
             ... on level 10 of the Dungeon.
             The game lasted 00:35:21 (3656 turns).

Irenicus the Severer (Deep Dwarf Fighter)           Turns: 3656, Time: 00:35:24

Health: -4/89      AC: 20    Str: 25    XL:     10   Next: 84%
Magic:  0/0        EV:  6    Int:  9    God:    Makhleb [**....]
Gold:   187        SH: 12    Dex: 15    Spells: 9/9 levels left

rFire    . . .     SeeInvis +   a - +0 war axe
rCold    + . .     Gourm    .   c - +1 shield
rNeg     . . .     Faith    .   l - +1 chain mail "Ushraecw" {Regen+ MP-9 Str+5 SInv}
rPois    .         Spirit   .   g - +2 hat
rElec    .         Reflect  .   s - +0 cloak
rCorr    .         Harm     .   t - +0 pair of gloves
MR       +....     Rnd*Tele +   (no boots)
Stlth    ..........             (no amulet)
HPRegen  0.00/turn              h - ring of protection from cold
MPRegen  0.07/turn              p - +6 ring of protection

@: marked, flying, very slightly contaminated, non-regenerating, invisible
A: damage resistance, heal wounds, sense surroundings 2, robust 1, teleportitis
1, MP-powered wands, no regeneration
a: Heal Wounds, Minor Destruction, Renounce Religion


You were on level 10 of the Dungeon.
You worshipped Makhleb.
Makhleb was pleased with you.
You were not hungry.

You visited 3 branches of the dungeon, and saw 12 of its levels.
You also visited: Ossuary.

You collected 507 gold pieces.
You spent 320 gold pieces at shops.

Inventory:

Hand Weapons
 a - a +0 war axe (weapon)
Armour
 c - a +1 shield (worn)
 g - a +2 hat (worn)
 l - the +1 chain mail "Ushraecw" (worn) {Regen+ MP-9 Str+5 SInv}
   (You found it on level 7 of the Dungeon)

   It affects your strength (+5).
   It affects your magic capacity (-9).
   It lets you see invisible.
   It increases your rate of regeneration.
 s - a +0 cloak (worn)
 t - a +0 pair of gloves (worn)
Jewellery
 h - a ring of protection from cold (left hand)
 p - a +6 ring of protection (right hand)
 r - an uncursed ring of resist corrosion
 u - a +3 ring of dexterity
Wands
 q - a wand of acid (15)
 v - a wand of clouds (4)
Scrolls
 b - 3 scrolls of torment {unknown}
 i - 4 scrolls of teleportation
 m - a scroll of immolation {unknown}
 n - 3 scrolls of enchant armour
 y - a scroll of summoning {unknown}
 B - a scroll of remove curse
 D - a scroll of enchant weapon
Potions
 d - 5 potions of might
 j - 2 potions of mutation
 o - 2 potions of resistance
 w - 3 potions of haste
 z - 2 potions of curing
 A - a potion of magic
Comestibles
 f - 7 rations


   Skills:
 - Level 2.6 Fighting
 + Level 16.3 Axes
 - Level 3.2 Armour
 + Level 6.5 Shields


You had 9 spell levels left.
You didn't know any spells.
Your spell library was empty.

Dungeon Overview and Level Annotations

Branches:
Dungeon (10/15)            Temple (1/1) D:4             Orc (1/2) D:10
   Lair: D:8-11

Altars:
Ashenzari
Cheibriados
Dithmenos
Elyvilon
Fedhas
Gozag
Hepliaklqana
Kikubaaqudgha
Makhleb
Nemelex Xobeh
Okawaru
Qazlal
Ru
Sif Muna
Trog
Uskayaw
Vehumet
Wu Jian
Xom
Yredelemnul
Zin
The Shining One

Shops:
D:8 *?


Innate Abilities, Weirdness & Mutations

You are resistant to damage.
You can heal yourself by infusing magical energy.
You passively map the area around you.
You do not regenerate.
You are robust. (+10% HP)
You are occasionally teleported next to monsters.
You expend magic power (3 MP) to strengthen your wands.


Message History

A death yak comes into view.
You hit the centaur warrior zombie but do no damage.
The centaur warrior zombie hits you but does no damage.
A death yak comes into view.
You slash the centaur warrior zombie!
The centaur warrior zombie is lightly damaged.
A bullfrog comes into view.
The centaur warrior zombie hits you.
* * * LOW HITPOINT WARNING * * *
The deep elf mage gestures at you while chanting.
The bolt of lightning hits you!
* * * LOW HITPOINT WARNING * * *
As you read the scroll of fog, it crumbles to dust.
The scroll dissolves into smoke.
You block the two-headed ogre's attack.
The two-headed ogre hits you but does no damage.
You block the centaur warrior zombie's attack.
The deep elf mage points at you and mumbles some strange words.
The bolt of lightning hits the worker ant zombie.
The bolt of lightning hits you!
You die...

, * * * * * * ,* , * * ,
.# , #, .# *
##.##################.#
,,
.Y...................(#
, ,
....F..§...(..........#
.....YO§§.............#
,,
,..Y..YZ@§§............#
,, *
,.....Z§§§.............#
,
.....§................#
, ,,
..e...................#
*
#####################.#
, , #.# , * #.# #†# *
#.#


You could see 4 death yaks, a two-headed ogre, a deep elf mage, a bullfrog, a
worker ant zombie and a centaur warrior zombie.

Vanquished Creatures
  2 two-headed ogres
  An orc sorcerer (Orc:1)
  Prince Ribbit (D:7)
  A hippogriff (D:10)
  3 yaks (D:9)
  A wyvern (D:9)
  3 wargs (D:10)
  3 orc warriors
  An ice beast (D:8)
  A black bear (D:8)
  3 sky beasts
  3 ogres
  4 centaurs
  A phantom (D:8)
  An elf zombie (D:7)
  9 bullfrogs
  An elf skeleton (D:7)
  4 scorpions
  9 killer bees
  3 wights (D:7)
  5 howler monkeys
  A centaur zombie (D:7)
  3 crimson imps
  A quasit (D:10)
  3 hounds
  A centaur skeleton (D:9)
  3 jellies
  5 orc priests
  14 orc wizards
  An iguana (D:8)
  A human skeleton (D:7)
  A worker ant (D:4)
  2 hound zombies
  8 mummies (Ossuary)
  6 gnolls
  4 adders
  2 shadow imps
  An ooze (D:3)
  2 adder skeletons
  2 adder zombies
  A worm (D:2)
  2 dart slugs
  7 leopard geckos
  22 orcs
  A giant cockroach (D:4)
  4 goblins
  4 hobgoblins
  12 jackals
  A quokka (D:8)
  3 ball pythons
  5 bats
  2 frilled lizards
  A gnoll zombie (Ossuary)
  3 hobgoblin zombies (Ossuary)
  4 kobolds
  3 kobold zombies (Ossuary)
  A leopard gecko skeleton (D:4)
  An orc zombie (Ossuary)
  2 quokka zombies
  8 rats
208 creatures vanquished.

Vanquished Creatures (others)
  An orc (Orc:1)
1 creature vanquished.

Grand Total: 209 creatures vanquished

Notes
Turn   | Place    | Note
-------+----------+-------------------------------------------
     0 | D:1      | Irenicus the Deep Dwarf Fighter began the quest for the
                  | Orb.
     0 | D:1      | Reached XP level 1. HP: 20/20 MP: 1/1
   104 | D:3      | Reached skill level 3 in Axes
   104 | D:3      | Reached XP level 2. HP: 17/27 MP: 2/2
   205 | D:5      | Entered Level 5 of the Dungeon
   232 | D:5      | Noticed a scorpion
   239 | D:5      | Gained mutation: You are occasionally teleported next to
                  | monsters. [potion of mutation]
   239 | D:5      | Gained mutation: You expend magic power (3 MP) to
                  | strengthen your wands. [potion of mutation]
   239 | D:5      | Gained mutation: You are robust. (+10% HP) [potion of
                  | mutation]
   248 | D:5      | Killed a scorpion
   248 | D:5      | Reached skill level 4 in Axes
   248 | D:5      | Reached XP level 3. HP: 20/36 MP: 3/3
   257 | D:4      | Found a staircase to the Ecumenical Temple.
   271 | D:4      | Reached XP level 4. HP: 22/44 MP: 4/4
   300 | D:4      | Reached skill level 5 in Axes
   305 | Temple   | Entered the Ecumenical Temple
   404 | D:4      | Reached XP level 5. HP: 10/50 MP: 5/5
   410 | D:4      | Reached skill level 6 in Axes
   440 | D:3      | Reached skill level 7 in Axes
   440 | D:3      | Reached XP level 6. HP: 23/60 MP: 6/6
  1207 | D:4      | HP: 1/60 [orc priest/divine providence (8)]
  1220 | D:4      | Reached skill level 8 in Axes
  1301 | D:5      | Reached XP level 7. HP: 35/67 MP: 7/7
  1348 | D:5      | Found a sacrificial altar of Ru.
  1487 | D:6      | Reached skill level 9 in Axes
  1581 | D:7      | Noticed Prince Ribbit
  1633 | D:7      | Reached skill level 10 in Axes
  1707 | D:7      | Reached XP level 8. HP: 38/74 MP: 8/8
  1742 | D:7      | Reached skill level 11 in Axes
  1822 | D:7      | Got a faintly humming chain mail
  1861 | D:7      | Reached skill level 12 in Axes
  1877 | D:7      | Identified the +1 chain mail "Ushraecw" {Regen+ MP-9 Str+5
                  | SInv} (You found it on level 7 of the Dungeon)
  1953 | D:7      | Found a sand-covered staircase.
  1968 | Ossuary  | Entered an ossuary
  2351 | D:7      | Gained mutation: You passively map the area around you.
                  | [Deep Dwarf growth]
  2351 | D:7      | Reached XP level 9. HP: 45/81 MP: 0/9
  2374 | D:7      | Killed Prince Ribbit
  2421 | D:7      | Found a hazy altar of Hepliaklqana.
  2421 | D:7      | Found a shimmering altar of Xom.
  2424 | D:7      | Reached skill level 13 in Axes
  2435 | D:7      | Found a bloodstained altar of Trog.
  2437 | D:7      | Found a glowing golden altar of the Shining One.
  2447 | D:7      | Found a hide-covered altar of Uskayaw.
  2492 | D:8      | Found a shattered altar of Ashenzari.
  2561 | D:8      | Found a burning altar of Makhleb.
  2569 | D:8      | Became a worshipper of Makhleb the Destroyer
  2616 | D:8      | Reached skill level 14 in Axes
  2709 | D:8      | Found Worouw's Magic Scroll Shoppe.
  2711 | D:8      | Bought a scroll of fog for 24 gold pieces
  2711 | D:8      | Bought a scroll of enchant weapon for 90 gold pieces
  2711 | D:8      | Bought a scroll of enchant armour for 90 gold pieces
  2711 | D:8      | Bought a scroll of enchant armour for 90 gold pieces
  2784 | D:8      | Noticed a two-headed ogre
  2791 | D:8      | Found Fufasonybir's Assorted Antiques.
  2823 | D:8      | Killed a two-headed ogre
  2841 | D:8      | Bought a bubbling brown potion for 26 gold pieces
  2954 | D:9      | Reached skill level 15 in Axes
  2954 | D:9      | Reached XP level 10. HP: 43/89 MP: 1/10
  2957 | D:9      | Reached * piety under Makhleb
  3258 | D:9      | Identified a scroll of acquirement
  3370 | D:9      | Reached ** piety under Makhleb
  3485 | D:10     | Entered Level 10 of the Dungeon
  3501 | D:10     | Found a staircase to the Orcish Mines.
  3522 | Orc:1    | Entered Level 1 of the Orcish Mines
  3522 | Orc:1    | Noticed an orc sorcerer
  3538 | Orc:1    | Killed an orc sorcerer
  3538 | Orc:1    | Reached skill level 16 in Axes
  3538 | Orc:1    | Reached skill level 5 in Shields
  3602 | D:10     | Noticed a two-headed ogre
  3629 | D:10     | Killed a two-headed ogre
  3651 | D:10     | Noticed a two-headed ogre
  3652 | D:10     | Noticed a death yak
  3652 | D:10     | Noticed a death yak
  3653 | D:10     | Noticed a deep elf mage
  3653 | D:10     | Noticed a death yak
  3654 | D:10     | Noticed a death yak
  3656 | D:10     | Killed from afar by a deep elf mage

Skill      XL: |  1  2  3  4  5  6  7  8  9 10 |
---------------+-------------------------------+-----
Axes           | 3 4 5 7 8 10 12 15 16 | 16.3
Shields        | 6 |  6.5
Fighting       | |  2.6
Armour         | |  3.2

Action                   |  1- 3 |  4- 6 |  7- 9 | 10-12 || total
-------------------------+-------+-------+-------+-------++-------
Melee: Hand axe          |    43 |   107 |       |       ||   150
       War axe           |     9 |    91 |   429 |   197 ||   726
 Abil: Heal Wounds       |     1 |     3 |     7 |     2 ||    13
Evoke: Wand              |       |       |     1 |     2 ||     3
  Use: Scroll            |     2 |     3 |     7 |     3 ||    15
       Potion            |     1 |     4 |     3 |     8 ||    16
 Stab: Confused          |       |       |     1 |       ||     1
       Invisible         |       |       |       |     2 ||     2
  Eat: Chunk             |       |     1 |     3 |       ||     4
       Ration            |       |       |     2 |       ||     2
Armor: Scale mail        |    29 |    93 |    71 |       ||   193
       Chain mail        |       |       |   101 |    77 ||   178
       Skin              |       |       |       |    29 ||    29
Dodge: Dodged            |    19 |    61 |    81 |    30 ||   191
Block: Shield            |    37 |   141 |   213 |    93 ||   484
